AoeStats
← Samta

Migration

509901446Analyzed
1v1 RM · 2d ago on Sep 28, 2026· 27m 17s· 2 players
Game mode
Random Map
Map size
132×132
Population
200
Speed
Normal
Resources
Standard
Victory
Conquest
Starting age
Dark Age
Ending age
Imperial Age
RankedLock teamsTeams togetherTeam positionsShared explorationLock speedFull tech treeHidden civsTurbo modeCheats
Victory
Defeat
🇬🇧 Dravidians · United Kingdom
1100
+16
🇸🇰 Vietnamese · Slovakia
1094
-45
kiko
10:15 Feudal Age
12:49 Horse Collar
14:27 Double-Bit Axe
26:25 Castle Age
Samta
12:37 Feudal Age
12:58 Fishing Lines
13:05 Double-Bit Axe
13:34 Horse Collar
14:46 Wheelbarrow
17:47 Castle Age
15:50 Loom
20:04 Bow Saw
20:27 Medium Warships
20:09 Gillnets
20:12 Fletching
21:32 Gold Mining
23:12 Bodkin Arrow
24:20 Stone Mining
24:33 Heavy Plow
24:46 Careening
Connection lost

Rejoining the realm…

Still unreachable

The connection could not be restored.

Session expired

The server has moved on; the page needs a fresh start.